 Dungeon Crawl Stone Soup version 0.30-a0-1018-g25214051b3 (webtiles) character file.

Game seed: 17436640346972408104

401190 holysushi the Intangible (level 24, -1/156 HPs)
             Began as a Kobold Monk on Apr 7, 2023.
             Was an Initiate of Gozag.
             Slain by a titan (38 damage)
             ... while paralysed by a sphinx
             ... on level 5 of the Vaults.
             The game lasted 01:49:37 (54759 turns).

holysushi the Intangible (Kobold Monk)             Turns: 54759, Time: 01:49:38

Health: -1/156     AC: 20    Str: 10    XL:     24   Next: 4%
Magic:  32/32      EV:  3    Int: 11    God:    Gozag
Gold:   5856       SH:  0    Dex: 39    Spells: 23/23 levels left

rFire   . . .      SeeInvis +    b - +2 rapier (speed)
rCold   + . .      Faith    .    Q - +5 kite shield {rN+}
rNeg    + . .      Spirit   .    x - +2 swamp dragon scales
rPois   +          Reflect  .    L - +2 hat {Will+}
rElec   .          Rampage  .    S - +1 cloak of Starlight {*Dazzle EV+4 Stlth--}
rCorr   .                        u - +2 pair of gloves {Dex+3}
Will    ++...                    N - +2 pair of boots {Stlth+}
Stlth   ++++++++++               X - amulet of Vitality {RegenMP++ Regen++}
HPRegen 2.06/turn                H - ring of the Establishment {MP+9 Dex+5 SInv}
MPRegen 1.03/turn                e - ring of Midnight {rC+ Dex+6}

@: paralysed, gold aura
A: small, no large weapons, nightstalker 3, dopey 1
}: 3/15 runes: decaying, silver, gossamer
a: Renounce Religion, Potion Petition, Call Merchant, Bribe Branch


You were on level 5 of the Vaults.
You worshipped Gozag.
Gozag was greatly pleased with you.
You visited 8 branches of the dungeon, and saw 43 of its levels.
You also visited: Bailey.

You collected 18595 gold pieces.
You spent 7712 gold pieces at shops.
You paid 5027 gold pieces to Gozag.

Inventory:

Hand Weapons
 a - the +6 short sword "Ryfyadyr" {venom, rElec Stlth+}
   (You bought it in a shop on level 15 of the Dungeon)

   rElec:     It insulates you from electricity.
   Stlth:     It makes you more stealthy.
 b - a +2 rapier of speed (weapon)
 f - a +7 vampiric rapier
Armour
 u - a +2 pair of gloves of dexterity (worn)
 x - +2 swamp dragon scales (worn)
 L - a +2 hat of willpower (worn)
 N - a +2 pair of boots of stealth (worn)
 Q - a +5 kite shield of positive energy (worn)
 S - the +1 cloak of Starlight (worn) {*Dazzle EV+4 Stlth--}
   (You bought it in a shop on level 1 of the Lair of Beasts)

   *Dazzle:   It may blind those who miss an attack against the wearer in melee
   combat.
   EV:        It affects your evasion (+4).
   Stlth:     It makes you much less stealthy.
 W - a +2 robe of willpower
Jewellery
 e - the ring of Midnight (right hand) {rC+ Dex+6}
   (You bought it in a shop on level 2 of the Swamp)

   [ring of dexterity]

   Dex:       It affects your dexterity (+6).
   rC:        It protects you from cold.
 H - the ring of the Establishment (left hand) {MP+9 Dex+5 SInv}
   (You bought it in a shop on level 3 of the Spider Nest)

   [ring of magical power]

   Dex:       It affects your dexterity (+5).
   MP:        It affects your magic capacity (+9).
   SInv:      It lets you see invisible.
 K - a +6 ring of intelligence
 U - the amulet "Lanachu" {Reflect rF+ Str+2 Dex+2 SH+5}
   (You bought it in a shop on level 5 of the Lair of Beasts)

   [amulet of reflection]

   It reflects blocked missile attacks.
   Str:       It affects your strength (+2).
   Dex:       It affects your dexterity (+2).
   rF:        It protects you from fire.
   SH:        It affects your SH (+5).
 X - the amulet of Vitality (around neck) {RegenMP++ Regen++}
   (You found it on level 11 of the Dungeon)

   [amulet of magic regeneration]

   It increases your rate of magic regeneration.
   Regen:     It increases your rate of health regeneration.
Wands
 n - a wand of iceblast (33)
 v - a wand of mindburst (14)
 G - a wand of paralysis (25)
 J - a wand of digging (24)
 P - a wand of flame (9)
 T - a wand of light (2)
Scrolls
 h - 5 scrolls of silence
 i - 6 scrolls of fog
 l - 15 scrolls of teleportation
 m - 4 scrolls of blinking
 w - 2 scrolls of brand weapon
 y - 11 scrolls of magic mapping
 A - 3 scrolls of fear
 C - 3 scrolls of amnesia
 D - 25 scrolls of identify
 I - 11 scrolls of poison
 M - 6 scrolls of vulnerability
 O - a scroll of enchant weapon
 V - 3 scrolls of butterflies
Potions
 c - 7 potions of ambrosia
 d - 11 potions of mutation
 g - 4 potions of heal wounds
 j - 19 potions of curing
 k - 5 potions of lignification
 p - 9 potions of resistance
 q - 4 potions of berserk rage
 s - 3 potions of magic
 t - 12 potions of flight
 z - 5 potions of cancellation
 B - 9 potions of attraction
 E - 9 potions of might
 F - 4 potions of haste
 R - 6 potions of brilliance
Miscellaneous
 o - a phantom mirror
 r - a condenser vane (inert)
 Z - a box of beasts


   Skills:
 - Level 17.0 Fighting
 + Level 16.9 Short Blades
 - Level 4.0 Armour
 O Level 27 Dodging
 + Level 26.2 Stealth
 - Level 16.0 Shields
 - Level 16.0 Evocations


You had 23 spell levels left.
You didn't know any spells.
Your spell library contained the following spells:

 Spells                   Type           Power      Damage    Failure   Level
 Kiss of Death            Conj/Necr      0%         2d5       88%         1
 Necrotise                Necr           0%         1d4       88%         1
 Sting                    Tmut/Pois      0%         1d3       88%         1
 Summon Small Mammal      Summ           0%         N/A       88%         1
 Cigotuvi's Dreadful Rot  Necr/Pois/Air  0%         N/A       95%         2
 Poisonous Vapours        Pois/Air       0%         N/A       95%         2
 Call Canine Familiar     Summ           0%         N/A       99%         3
 Confusing Touch          Hex            0%         N/A       99%         3
 Dazzling Flash           Conj/Hex       0%         N/A       99%         3
 Frozen Ramparts          Ice            0%         1d1       99%         3
 Ignite Poison            Fire/Tmut/Pois 0%         N/A       99%         3
 Inner Flame              Hex/Fire       0%         N/A       99%         3
 Stone Arrow              Conj/Erth      0%         3d7       99%         3
 Summon Guardian Golem    Hex/Summ       0%         N/A       99%         3
 Vampiric Draining        Necr           0%         2d6       99%         3
 Volatile Blastmotes      Fire/Tloc      0%         2d10      99%         3
 Airstrike                Air            0%         2d(0-16)  100%        4
 Animate Armour           Summ/Erth      0%         N/A       100%        4
 Dispel Undead            Necr           0%         3d6       100%        4
 Flame Wave               Conj/Fire      0%         2d4       100%        4
 Ice Form                 Ice/Tmut       0%         N/A       100%        4
 Iskenderun's Mystic Bla  Conj/Tloc      0%         2d3       100%        4
 Olgreb's Toxic Radiance  Pois           0%         N/A       100%        4
 Petrify                  Tmut/Erth      0%         N/A       100%        4
 Sticky Flame             Conj/Fire      0%         2d3       100%        4
 Summon Ice Beast         Ice/Summ       0%         N/A       100%        4
 Agony                    Necr           0%         N/A       100%        5
 Freezing Cloud           Conj/Ice/Air   0%         6-21      100%        5
 Metabolic Englaciation   Hex/Ice        0%         N/A       100%        5
 Death Channel            Necr           0%         N/A       100%        6
 Starburst                Conj/Fire      0%         6d3       100%        6
 Statue Form              Tmut/Erth      0%         N/A       100%        6
 Lehudib's Crystal Spear  Conj/Erth      0%         10d2      100%        8
 Death's Door             Necr           0%         N/A       100%        9


Dungeon Overview and Level Annotations

Branches:
Dungeon (15/15) Zot: 24706  Temple (0/1) D:7            Lair (5/5) D:9 Zot: 22432
  Swamp (4/4) Lair:3 Zot: 20266  Spider (4/4) Lair:2 Zot: 18759   Slime (5/5) Lair:5 Zot: 26300
    Orc (2/2) D:9 Zot: 9885     Elf (3/3) Orc:2 Zot: 13073  Vaults (5/5) D:13 Zot: 22691
  Crypt (0/3) Vaults:2     Depths (0/4) D:15         Bailey (visited)

Altars:
Ashenzari
Elyvilon
Gozag
Kikubaaqudgha
Nemelex Xobeh
Ru
Vehumet
Wu Jian
Xom
Yredelemnul
Jiyva

Shops:
D:3 =   D:9 (   D:12 **?:?:   D:15 (   Orc:2 [?[(   Lair:1 [   Lair:5 =
Swamp:2 =   Spider:1 ?   Spider:3 =   Vaults:1 =   Vaults:2 :*(

Annotations:
D:3 3 runed translucent doors, BigDaddyOpFi's ghost, amateur HOFi
Slime:5 Royal Jelly


Innate Abilities, Weirdness & Mutations

You are small and have problems with some larger weapons.
You are completely attuned to the shadows.
You are dopey. (Int -2)


Message History

The lost soul fades away! x2; The sphinx barely misses you.
The sphinx completely misses you. You block the sphinx's attack.
The ironbound convoker begins to recite a word of recall!
The titan closely misses you. The sphinx completely misses you. x2
You block the sphinx's attack.
Things that are here:
7 gold pieces; a +0 rapier You completely miss the titan.
The titan is heavily wounded.
The titan completely misses you.
You hit the titan.
The titan is heavily wounded.
The sphinx casts a spell.
You suddenly lose the ability to move!
The titan hits you! The sphinx hits you.
The sphinx hits you but does no damage. x2
The sphinx is recalled.
The fire giant is recalled.
The tengu reaver is recalled. x2; The vault warden is recalled.
The yaktaur captain is recalled.
A war gargoyle comes into view.
It is wielding a +2 morningstar of holy wrath.
The sphinx hits you.
The sphinx hits you but does no damage. x2
A vault warden comes into view.
It is wielding a +3 halberd of freezing.
The ironbound convoker hits you with the +10 flail "Huifeamo" {vamp, Dex+3 Stlth+}!!
* * * LOW HITPOINT WARNING * * *
The fire giant drinks a potion.
The fire giant seems to speed up.
The titan hits you.
* * * LOW HITPOINT WARNING * * *
The sphinx hits you but does no damage. x2; The sphinx barely misses you.
A tengu reaver comes into view.
It is wielding the +7 whip of the Noxious God {protect, *Noise rElec Str+6} and wearing a +2 ring mail of poison resistance.
A sphinx and a fire giant come into view.
The fire giant is wielding a +2 great sword of flaming.
The teleport trap disappears.
The fire giant disappears!
The sphinx is distracted by your dazzling golden aura.
The fire giant hits you with a +0 great sword of flaming.
* * * LOW HITPOINT WARNING * * *
The fire giant burns you.
* * * LOW HITPOINT WARNING * * *
The titan hits you!!!
You die...
Your body crumbles into a pile of gold.

########## ############
.......... ............
.......... ....$.......
######################...)....#
...............C.H.............
.#.#.#..#.#.#..#@#$#...#....#.#
...))).........HQC.....#....#..
.#.#.....#.#...cp#Q#...#....#
.......)).......p.ยง....#....#
.#.....)..#........#...#....#
.....................p.#....#
.......###.###.........#....#
.....##..}##.....#...#
#...#.[..)#...#.....#


You could see a titan, a fire giant, 2 sphinxes, a vault warden, 2 tengu
reavers, a yaktaur captain (invisible) and an ironbound convoker (catching
breath).

Vanquished Creatures
  An ancient lich (Vaults:5)
  Bai Suzhen (Swamp:3)
  Nikola (Spider:2)
  A golden dragon (Vaults:5)
  Arachne (Spider:2)
  A bone dragon (Swamp:4)
  A tentacled monstrosity (Vaults:5)
  Jorgrun (D:12)
  Rupert (Lair:4)
  3 deep elf blademasters
  Asterion (Vaults:1)
  2 deep elf master archers (Elf:3)
  3 acid blobs
  4 sphinxes
  Gastronok (D:8)
  2 shadow dragons
  3 tengu reavers
  Kirke (Lair:3)
  3 azure jellies
  2 thorn hunters (Swamp:4)
  6 deep elf sorcerers (Elf:3)
  4 rockslimes
  A fire giant (Vaults:5)
  3 emperor scorpions
  A frost giant (Vaults:5)
  A ghost moth (Spider:1)
  17 vault wardens
  Louise (Spider:1)
  2 quicksilver oozes
  6 broodmothers
  An orc warlord (Vaults:3)
  5 deep elf elementalists (Elf:3)
  21 ironbound preservers
  5 ironbound thunderhulks
  5 stone giants
  A war gargoyle (Vaults:5)
  14 very ugly things
  8 deep elf demonologists (Elf:3)
  Azrael (Orc:2)
  3 dire elephants (Vaults:4)
  Nessos (D:12)
  3 deep elf annihilators
  4 eleionomae
  2 bunyips
  A spark wasp (Spider:3)
  An ettin (Vaults:2)
  6 deep elf death magi
  A crystal guardian (Vaults:2)
  Josephine (Lair:4)
  A fire dragon (D:15)
  2 deep elf high priests (Elf:3)
  2 shambling mangroves
  5 entropy weavers
  5 great orbs of eyes
  9 yaktaur captains
  A rakshasa (D:14)
  37 vault guards
  A catoblepas (Lair:1)
  A peacekeeper (Vaults:2)
  15 centaur warriors
  11 hydras
  11 ironbound frosthearts
  A jorogumo (Spider:2)
  5 ghost crabs
  5 boulder beetles
  9 alligators
  29 dancing weapons
  2 ogre magi
  4 radroaches
  A tengu warrior (D:15)
  11 death yaks
  2 deep troll earth magi
  9 two-headed ogres
  A soul eater (D:14)
  6 spriggans
  2 skysharks (Lair:5)
  13 deep elf knights
  9 pharaoh ants
  5 sun moths
  4 sixfirhies (D:14)
  3 goliath frogs
  A flayed ghost (Vaults:5)
  9 orb spiders
  5 swamp dragons
  2 spriggan druids (Swamp:3)
  2 spectral hydras (Swamp:4)
  29 deep trolls
  2 death drakes (shapeshifter)
  11 deep elf archers
  6 wizards
  5 bog bodies
  14 ironbound convokers
  10 lindwurms
  2 phantasmal warriors (Swamp:4)
  24 deep elf pyromancers
  A tengu zombie (Vaults:1)
  Pikel (D:5)
  11 orc knights
  3 necromancers
  32 deep elf zephyrmancers
  3 shining eyes
  2 steelbarb worms
  A wolf spider (shapeshifter) (Elf:1)
  An orc sorcerer (Orc:2)
  3 will-o-the-wisps
  4 moths of wrath
  3 cyclopes
  34 ugly things
  22 wolf spiders
  A manticore (D:14)
  A guardian serpent (Lair:5)
  Joseph (D:7)
  11 black mambas
  7 demonic crawlers
  3 torpor snails
  3 smoke demons (D:14)
  14 vault sentinels
  A gargoyle (D:11)
  2 orange demons (D:14)
  2 unseen horrors
  3 swamp worm zombies (Swamp:4)
  16 cane toads
  A yaktaur (shapeshifter) (Vaults:1)
  5 rime drakes
  9 komodo dragons
  40 yaktaurs
  2 kobold demonologists (D:9)
  An efreet (D:15)
  An ice devil (D:14)
  11 red devils (D:14)
  3 hydra zombies (Swamp:4)
  A troll (D:14)
  A merfolk (D:15)
  A queen bee (Lair:1)
  A bloated husk (Swamp:2)
  7 meliai
  31 tarantellas
  4 large abominations (Elf:1)
  A polar bear (Lair:3)
  18 tyrant leeches
  5 hellwings (D:14)
  A hornet (shapeshifter) (D:13)
  2 raiju (shapeshifter)
  2 spectral swamp dragons (Swamp:4)
  A blink frog (shapeshifter) (Elf:2)
  5 blink frogs (Lair:3)
  9 hornets
  A dream sheep (shapeshifter) (Vaults:5)
  A human simulacrum (Vaults:1)
  5 alligator zombies (Swamp:4)
  56 slime creatures
  19 jumping spiders
  Sigmund (D:4)
  2 air elementals
  63 yaks
  32 culicivoras
  A water elemental (Elf:2)
  10 wyverns
  2 fire bats (Lair:5)
  2 shadows (D:12)
  7 basilisks
  6 wraiths
  5 fire elementals
  2 neqoxecs (D:14)
  38 redbacks
  6 hogs
  17 vampire mosquitoes
  A chaos spawn (D:14)
  19 swamp worms
  A swamp worm (shapeshifter) (Vaults:5)
  3 wargs
  2 acid dragons (D:12)
  3 hell hounds (Orc:2)
  20 water moccasins
  Duvessa (D:6)
  A floating eye (Slime:5)
  A swamp drake (Swamp:1)
  3 ice beasts
  A sky beast (D:8)
  38 orc warriors
  4 swamp dragon zombies (Swamp:4)
  2 black bears
  6 ogres
  4 boggarts (D:15)
  13 centaurs
  21 wolves
  An orc skeleton (Vaults:1)
  A lemure (D:5)
  3 phantoms
  A human skeleton (Vaults:1)
  10 kobold brigands
  2 elf zombies (Elf:1)
  13 bullfrogs
  An earth elemental (Elf:2)
  A scorpion (shapeshifter) (D:15)
  5 scorpions
  Dowan (D:6)
  42 killer bees
  6 electric eels
  6 howler monkeys
  5 hounds
  2 jellies
  A gnoll bouda (D:7)
  15 orc priests
  Ijyb (D:3)
  19 orc wizards
  4 iguanas
  5 hell rats (Lair:5)
  A sleepcap (D:6)
  Robin (D:3)
  4 gnolls (D:7)
  7 adders
  4 swamp drake zombies (Swamp:4)
  2 white imps
  An ufetubus (D:5)
  4 worms
  3 dart slugs
  60 orcs
  8 ball pythons
  6 bats
  6 endoplasms
  3 giant cockroaches
  19 goblins
  9 hobgoblins
  6 jackals
  A quokka (D:4)
  5 frilled lizards
  32 kobolds
  5 rats
1605 creatures vanquished.

Vanquished Creatures (collateral kills)
  Zenata (Vaults:1)
1 creature vanquished.

Vanquished Creatures (others)
  A broodmother (Spider:4)
  A deep elf knight (Elf:1)
  3 deep elf zephyrmancers
  A deep elf pyromancer (Elf:3)
  A tyrant leech (Spider:2)
  3 bloated husks (Swamp:4)
  A vampire mosquito (D:15)
  3 orc warriors (Orc:2)
  A centaur (Orc:2)
  A boggart (D:15)
  3 phantoms (Swamp:4)
  5 orcs (Orc:2)
  9 demonic plants (D:14)
  10 foxfires (Swamp:1)
  31 fungi
  64 plants
138 creatures vanquished.

Grand Total: 1744 creatures vanquished

Notes
Turn   | Place    | Note
-------+----------+-------------------------------------------
     0 | D:1      | holysushi the Kobold Monk began the quest for the Orb.
     0 | D:1      | Reached XP level 1. HP: 14/14 MP: 1/1
   167 | D:1      | Reached XP level 2. HP: 19/19 MP: 2/2
   279 | D:1      | Reached skill level 5 in Short Blades
   413 | D:1      | Reached XP level 3. HP: 23/23 MP: 3/3
  1081 | D:2      | Identified the +1 ring mail of Jakas {rN+}
  1208 | D:2      | Reached XP level 4. HP: 28/28 MP: 4/4
  1481 | D:3      | Found Vozint's Jewellery Boutique.
  1502 | D:3      | HP: 1/28 [orc/+0 flail (6)]
  1786 | D:3      | Found a runed translucent gate.
  1787 | D:3      | Found a runed translucent gate.
  1789 | D:3      | Found a runed translucent gate.
  1798 | D:3      | Noticed BigDaddyOpFi's ghost (amateur HOFi)
  1809 | D:3      | Reached XP level 5. HP: 4/32 MP: 5/5
  2420 | D:3      | Reached XP level 6. HP: 32/37 MP: 6/6
  2718 | D:4      | Noticed Ijyb
  2728 | D:3      | Killed Ijyb
  2803 | D:4      | Noticed Robin
  2862 | D:3      | Killed Robin
  3163 | D:4      | Found an ornate altar of the Wu Jian Council.
  3165 | D:4      | Found a sparkling altar of Nemelex Xobeh.
  3165 | D:4      | Noticed Sigmund
  3169 | D:4      | Killed Sigmund
  3170 | D:4      | Reached skill level 4 in Dodging
  3170 | D:4      | Reached XP level 7. HP: 41/41 MP: 7/7
  3241 | D:4      | Reached skill level 5 in Dodging
  3315 | D:4      | Reached skill level 10 in Short Blades
  3681 | D:4      | Reached XP level 8. HP: 46/46 MP: 8/8
  3846 | D:4      | Reached skill level 1 in Evocations
  4113 | D:5      | Entered Level 5 of the Dungeon
  4438 | D:5      | Reached skill level 6 in Dodging
  4650 | D:5      | Found a large runed translucent door.
  4651 | D:5      | Found a large runed translucent door.
  5077 | D:5      | Found a sacrificial altar of Ru.
  5087 | D:5      | Found a broken altar of Ashenzari.
  5115 | D:6      | Noticed Pikel
  5252 | D:5      | Killed Pikel
  5253 | D:5      | Reached skill level 7 in Dodging
  5253 | D:5      | Reached skill level 5 in Stealth
  5253 | D:5      | Reached XP level 9. HP: 44/55 MP: 9/9
  5341 | D:6      | Noticed Duvessa
  5344 | D:6      | Noticed Dowan
  5345 | D:6      | Killed Duvessa
  5366 | D:6      | Killed Dowan
  5563 | D:6      | Reached skill level 8 in Dodging
  5753 | D:6      | Found a shimmering altar of Xom.
  6539 | D:7      | Found a flagged portal.
  6553 | Bailey   | Entered a bailey
  6786 | Bailey   | Reached skill level 1 in Armour
  6786 | Bailey   | Reached XP level 10. HP: 41/60 MP: 10/10
  7029 | Bailey   | Found a bloodstained altar of Trog.
  7468 | D:7      | Found an opulent altar of Gozag.
  7475 | D:7      | Found a radiant altar of Vehumet.
  7569 | D:7      | Became a worshipper of Gozag Ym Sagoz the Greedy
  7765 | D:7      | Noticed Joseph
  7820 | D:7      | Killed Joseph
  7821 | D:7      | Reached skill level 9 in Dodging
  8046 | D:7      | Found a staircase to the Ecumenical Temple.
  8455 | D:8      | Reached skill level 10 in Stealth
  8497 | D:8      | Identified the amulet of Taesixki {Acrobat rPois rF+}
  8501 | D:8      | Reached skill level 10 in Dodging
  8875 | D:8      | Noticed Gastronok
  8903 | D:8      | Killed Gastronok
  8904 | D:8      | Reached skill level 11 in Dodging
  8904 | D:8      | Reached XP level 11. HP: 51/64 MP: 11/11
  9371 | D:9      | Found Leuschan's Weapon Boutique.
  9566 | D:3      | Bought a +5 ring of evasion for 360 gold pieces
 10147 | D:9      | Found a staircase to the Lair.
 10216 | D:9      | Found a staircase to the Orcish Mines.
 10277 | D:9      | Reached skill level 12 in Dodging
 10591 | D:9      | Found a white marble altar of Elyvilon.
 10721 | D:10     | Entered Level 10 of the Dungeon
 10733 | D:10     | Noticed a sun demon
 10801 | D:9      | Reached skill level 13 in Dodging
 11375 | D:10     | Noticed a two-headed ogre
 11460 | Lair:1   | Entered Level 1 of the Lair of Beasts
 11496 | Lair:1   | Reached skill level 1 in Shields
 11571 | Lair:1   | Noticed a catoblepas
 11669 | Lair:1   | Reached XP level 12. HP: 23/70 MP: 12/12
 11807 | Lair:1   | Noticed Sonja
 11811 | Lair:1   | Sonja changed into Sonja the queen bee
 11811 | Lair:1   | Noticed Sonja
 11833 | Lair:1   | Killed Sonja the queen bee
 11899 | Lair:1   | Reached skill level 14 in Dodging
 12176 | Lair:1   | Killed a catoblepas
 12177 | Lair:1   | Reached skill level 5 in Shields
 12207 | Lair:1   | Bought a pair of embroidered boots for 247 gold pieces
 13067 | Lair:1   | Found Vucism's Antique Armour Shoppe.
 13611 | Lair:2   | Reached skill level 15 in Dodging
 13913 | Lair:2   | Reached XP level 13. HP: 79/79 MP: 13/13
 14016 | Lair:2   | Found a hole to the Spider Nest.
 14530 | Lair:3   | Noticed a seven-headed hydra
 14545 | Lair:3   | Killed a seven-headed hydra
 14563 | Lair:3   | Noticed a five-headed hydra
 14589 | Lair:3   | Killed a five-headed hydra
 14621 | Lair:3   | Found a staircase to the Swamp.
 14740 | Lair:3   | Reached skill level 16 in Dodging
 14855 | Lair:3   | Reached skill level 10 in Fighting
 15231 | Lair:3   | Reached skill level 17 in Dodging
 15548 | Lair:1   | Bought the +1 cloak of Starlight {*Dazzle EV+4 Stlth--} for
                  | 1006 gold pieces
 15548 | Lair:1   | Found the +1 cloak of Starlight {*Dazzle EV+4 Stlth--}
 15925 | Lair:4   | Noticed Josephine
 15954 | Lair:4   | Reached skill level 18 in Dodging
 16000 | Lair:4   | Killed Josephine
 16093 | Lair:4   | Noticed a four-headed hydra
 16113 | Lair:4   | Killed a four-headed hydra
 16381 | Lair:4   | Reached XP level 14. HP: 88/88 MP: 14/14
 16447 | Lair:4   | Noticed Rupert
 16451 | Lair:4   | Killed Rupert
 16783 | Lair:5   | Entered Level 5 of the Lair of Beasts
 17085 | Lair:5   | Reached skill level 19 in Dodging
 17101 | Lair:5   | Found a viscous altar of Jiyva.
 17107 | Lair:5   | Found a staircase to the Slime Pits.
 18161 | Lair:5   | Reached skill level 20 in Dodging
 18192 | Lair:5   | Bought the amulet "Lanachu" {Reflect rF+ Str+2 Dex+2 SH+5}
                  | for 786 gold pieces
 18521 | Lair:5   | Reached skill level 15 in Stealth
 18535 | Lair:5   | Reached XP level 15. HP: 43/92 MP: 15/15
 19732 | D:11     | You fall into a shaft and drop 3 floors!
 20278 | D:12     | Reached skill level 21 in Dodging
 20411 | D:12     | Found Qogeca's Book Emporium.
 20436 | D:12     | Found Ighixkeh's Magic Scroll Shoppe.
 20439 | D:12     | Bought a scroll of teleportation for 42 gold pieces
 20439 | D:12     | Bought a scroll of teleportation for 42 gold pieces
 20470 | D:12     | Found Kulul's Magic Scroll Shop.
 20481 | D:12     | Bought a scroll of magic mapping for 135 gold pieces
 20481 | D:12     | Bought a scroll of teleportation for 54 gold pieces
 20481 | D:12     | Bought a scroll of teleportation for 54 gold pieces
 20481 | D:12     | Bought a scroll of butterflies for 72 gold pieces
 20510 | D:12     | Found Hasoheuh's Vocational Training.
 20644 | D:12     | Noticed Jorgrun
 20648 | D:12     | Killed Jorgrun
 20656 | D:12     | Found Sel Tovamp's Assorted Antiques.
 20662 | D:12     | Bought a potion of haste for 210 gold pieces
 20665 | D:12     | Noticed Nessos
 20667 | D:12     | Found Adazutuh's General Store.
 20669 | D:12     | Killed Nessos
 21802 | D:11     | Found the amulet of Vitality {RegenMP++ Regen++}
 22215 | D:11     | Reached skill level 22 in Dodging
 23041 | D:13     | Identified the +2 pair of boots of the Nightingale {rElec
                  | Int+3 SInv Stlth-}
 23172 | D:13     | Found a gate to the Vaults.
 23879 | D:14     | Reached XP level 16. HP: 97/97 MP: 16/16
 24153 | D:14     | Reached skill level 23 in Dodging
 24430 | D:15     | Entered Level 15 of the Dungeon
 24542 | D:15     | Found an opulent altar of Gozag.
 25376 | D:15     | Bought an ichor-stained short sword for 264 gold pieces
 25376 | D:15     | Identified the +6 short sword "Ryfyadyr" {venom, rElec
                  | Stlth+} (You bought it in a shop on level 15 of the
                  | Dungeon)
 25615 | Orc:1    | Entered Level 1 of the Orcish Mines
 26567 | Orc:2    | Entered Level 2 of the Orcish Mines
 26581 | Orc:2    | Found a staircase to the Elven Halls.
 26627 | Orc:2    | Noticed Azrael
 26648 | Orc:2    | Killed Azrael
 27014 | Orc:2    | Reached skill level 24 in Dodging
 27058 | Orc:2    | Found Norhuf's Magic Scroll Boutique.
 27058 | Orc:2    | Found Hagiz's Antique Armour Emporium.
 27058 | Orc:2    | Found Lexitit's Weapon Shoppe.
 27071 | Orc:2    | Found Sidghali's Armour Shop.
 27122 | Orc:2    | Bought a pair of glowing gloves for 195 gold pieces
 27740 | Swamp:1  | Entered Level 1 of the Swamp
 27813 | Spider:1 | Entered Level 1 of the Spider Nest
 27939 | Spider:1 | Reached XP level 17. HP: 102/102 MP: 17/17
 28253 | Spider:1 | Noticed Louise
 28257 | Spider:1 | Killed Louise
 29066 | Spider:2 | Identified the +3 leather armour "Paodgh" {Str+2 Int+2}
 29284 | Spider:2 | Noticed Nikola
 29288 | Spider:2 | Killed Nikola
 29320 | Spider:2 | Reached skill level 25 in Dodging
 29394 | Spider:2 | Noticed Arachne
 29399 | Spider:2 | Killed Arachne
 29957 | Spider:2 | Identified the +1 robe of Lugonu's Displeasure {Str+2
                  | Archmagi}
 29998 | Spider:2 | Identified the orb "Sismist" {*channel, Will+ Int+4}
 30250 | Spider:3 | Bought the ring of the Establishment {MP+9 Dex+5 SInv} for
                  | 542 gold pieces
 30807 | Spider:3 | Reached XP level 18. HP: 107/107 MP: 18/18
 31740 | Spider:4 | Entered Level 4 of the Spider Nest
 31970 | Spider:4 | Identified the +0 leather armour "Qacryn" {rPois Str+3
                  | Int+4}
 32941 | Spider:4 | Got a gossamer rune of Zot
 33586 | Swamp:1  | Noticed Kirke
 34352 | Swamp:2  | Bought the ring of Midnight {rC+ Dex+6} for 650 gold pieces
 35121 | Swamp:3  | Reached XP level 19. HP: 99/112 MP: 19/19
 35579 | Swamp:3  | Noticed Bai Suzhen
 35584 | Swamp:3  | Killed Bai Suzhen
 35585 | Swamp:3  | Reached skill level 26 in Dodging
 35873 | Swamp:4  | Entered Level 4 of the Swamp
 36567 | Swamp:4  | Identified the +1 spear "Fituz" {flame, rPois rCorr}
 36874 | Swamp:4  | Noticed a bone dragon
 37066 | Swamp:4  | Killed a bone dragon
 37124 | Swamp:4  | Reached skill level 27 in Dodging
 37179 | Swamp:4  | Got a decaying rune of Zot
 37372 | Lair:3   | Killed Kirke
 37570 | D:12     | Bought a manual of Fighting for 1120 gold pieces
 37781 | Elf:1    | Entered Level 1 of the Elven Halls
 38915 | Elf:1    | Reached XP level 20. HP: 115/123 MP: 20/20
 38971 | Elf:1    | Got the Tome of Evil
 38990 | Elf:1    | Reached skill level 15 in Fighting
 39287 | Elf:2    | Found a runed translucent gate.
 39287 | Elf:2    | Found a runed translucent gate.
 39287 | Elf:2    | Found a runed translucent gate.
 40438 | Elf:3    | Entered Level 3 of the Elven Halls
 40682 | D:12     | Bought a manual of Evocations for 1120 gold pieces
 41075 | Elf:3    | Reached skill level 5 in Evocations
 41993 | Elf:3    | Reached skill level 10 in Evocations
 42667 | Elf:3    | Identified the +1 war axe of Gozag's Castigation {drain,
                  | rF+ Str+3 SInv}
 42922 | Elf:3    | Noticed a Hell Sentinel
 42930 | Elf:3    | Reached XP level 21. HP: 98/139 MP: 21/21
 42981 | Elf:3    | Reached skill level 15 in Evocations
 43090 | Elf:3    | Got Facadil's Octavo of Nephomancy
 43095 | Elf:3    | Identified the staff of cold "Xoiliukilu" {rC+ rCorr}
 43096 | Elf:3    | Identified the +2 dagger of Pioseich {freeze, rC+ rN+ SInv}
 43108 | Elf:3    | Identified the +0 scale mail "Gyecowyo" {rElec Regen+}
 44215 | Slime:1  | Entered Level 1 of the Pits of Slime
 45105 | Slime:5  | Entered Level 5 of the Pits of Slime
 45266 | Slime:5  | Noticed the Royal Jelly
 45415 | Slime:4  | Gained mutation: You are dopey. (Int -2) [a shining eye]
 46113 | Vaults:1 | Entered Level 1 of the Vaults
 46351 | Vaults:1 | Reached skill level 15 in Short Blades
 46774 | Vaults:1 | Found a huge runed gate.
 46774 | Vaults:1 | Found a huge runed gate.
 46774 | Vaults:1 | Found a huge runed gate.
 46775 | Vaults:1 | Found a huge runed gate.
 46775 | Vaults:1 | Found a huge runed gate.
 46776 | Vaults:1 | Found a huge runed gate.
 46778 | Vaults:1 | Found a huge runed gate.
 46778 | Vaults:1 | Found a huge runed gate.
 46778 | Vaults:1 | Found a huge runed gate.
 46779 | Vaults:1 | Found a huge runed gate.
 46781 | Vaults:1 | Found a huge runed gate.
 46810 | Vaults:1 | Found a huge runed gate.
 46846 | Vaults:1 | Found a huge runed gate.
 46847 | Vaults:1 | Found a huge runed gate.
 46848 | Vaults:1 | Found a huge runed gate.
 46853 | Vaults:1 | Found a huge runed gate.
 46853 | Vaults:1 | Found a huge runed gate.
 46853 | Vaults:1 | Found a huge runed gate.
 46854 | Vaults:1 | Found a huge runed gate.
 46855 | Vaults:1 | Found a huge runed gate.
 46856 | Vaults:1 | Found a huge runed gate.
 46857 | Vaults:1 | Found a huge runed gate.
 46858 | Vaults:1 | Found a huge runed gate.
 46859 | Vaults:1 | Found a huge runed gate.
 46864 | Vaults:1 | Found a huge runed gate.
 46864 | Vaults:1 | Found a huge runed gate.
 46864 | Vaults:1 | Found a huge runed gate.
 46865 | Vaults:1 | Found a huge runed gate.
 46866 | Vaults:1 | Found a huge runed gate.
 46867 | Vaults:1 | Found a huge runed gate.
 46868 | Vaults:1 | Found a huge runed gate.
 46869 | Vaults:1 | Found a huge runed gate.
 46870 | Vaults:1 | Found a huge runed gate.
 46875 | Vaults:1 | Found a huge runed gate.
 46875 | Vaults:1 | Found a huge runed gate.
 46875 | Vaults:1 | Found a huge runed gate.
 46961 | Vaults:1 | Found Ekehioto's Jewellery Shop.
 47494 | Vaults:1 | Noticed Asterion
 47518 | Vaults:1 | Killed Asterion
 47614 | Vaults:1 | Noticed Zenata
 47625 | Vaults:1 | Killed Zenata
 48697 | Vaults:1 | Reached XP level 22. HP: 130/144 MP: 22/22
 48907 | Vaults:2 | Reached skill level 10 in Shields
 49798 | Vaults:2 | Found Cuhips's Assorted Antiques.
 49803 | Vaults:2 | Bought a potion of heal wounds for 185 gold pieces
 49803 | Vaults:2 | Bought a scroll of enchant armour for 277 gold pieces
 49803 | Vaults:2 | Bought a scroll of blinking for 277 gold pieces
 49803 | Vaults:2 | Bought a scroll labelled DOYCUQ BUOLI for 37 gold pieces
 49803 | Vaults:2 | Bought a scroll labelled LIWUDETA ICZY for 37 gold pieces
 49818 | Vaults:2 | Acquired 595 gold pieces
 49821 | Vaults:2 | Found Jiymoz's Book Shop.
 49877 | Vaults:2 | Found Byngoh's Antique Weapon Boutique.
 50060 | Vaults:2 | Found a staircase to the Crypt.
 50060 | Vaults:2 | Found a basalt altar of Yredelemnul.
 50060 | Vaults:2 | Found an ancient bone altar of Kikubaaqudgha.
 50353 | Vaults:2 | Upgraded the game from 0.30-a0-1016-gfb0d676c02 to
                  | 0.30-a0-1018-g25214051b3
 52362 | Vaults:4 | Reached XP level 23. HP: 149/149 MP: 23/23
 53271 | Vaults:4 | Reached skill level 15 in Shields
 53843 | Vaults:5 | Entered Level 5 of the Vaults
 54235 | Vaults:5 | Noticed an ancient lich
 54235 | Vaults:5 | Noticed a golden dragon
 54407 | Vaults:5 | Killed a golden dragon
 54505 | Vaults:5 | Killed an ancient lich
 54597 | Vaults:5 | Got a silver rune of Zot
 54669 | Vaults:5 | Reached XP level 24. HP: 109/156 MP: 23/23
 54728 | Vaults:5 | Identified the +10 flail "Huifeamo" {vamp, Dex+3 Stlth+}
 54756 | Vaults:5 | Paralysed by a sphinx for 5 turns
 54758 | Vaults:5 | Identified the +7 whip of the Noxious God {protect, *Noise
                  | rElec Str+6}
 54759 | Vaults:5 | Slain by a titan

Illustrated notes

Levels and vault maps discovered:
D:1:      lemuel_arrival_behind_the_door_small, layout_loops_ring, minivault_23,
          corexii_corridor_pit, minmay_box_of_dots
D:2:      layout_rooms
D:3:      layout_basic, serial_shops, nicolae_shop_stone, gammafunk_ghost_split,
          dk_vineyard_3
D:4:      layout_loops_cross, chequers_temple_overflow_statue_of_worship,
          uniq_ijyb, uniq_sigmund, uniq_robin
D:5:      layout_loops_ring, jmf_multi_god_temple2, serial_bayou_lagoon_a,
          amcnicky_mini_pool_small
D:6:      layout_loops_ring, old_standard_altar, uniq_pikel, uniq_duvessa
D:7:      layout_gridville, mainiacjoe_overflow_big_doors,
          minmay_temple_entry_gardened_gates, enter_bailey_3,
          kennysheep_generic_room_14, uniq_joseph
D:8:      layout_loops_ring, uniq_gastronok
D:9:      layout_loops_ring, nicolae_elyvilon_temple_path,
          grunt_lair_entry_orc_guard_hut, orc_0_dummy, serial_shops,
          nicolae_shop_hallway_stairs
D:10:     layout_long_grid
D:11:     layout_basic, hangedman_decor_riveting
D:12:     layout_grid_maze, serial_shops, nicolae_shop_advertising_works
          [nicolae_subvault_shop_adworks], nicolae_shop_overgrown_old_shop,
          nicolae_shop_window_shopping, nicolae_shop_statue_plus,
          nicolae_shop_behind_doors, nicolae_shop_vocational, uniq_nessos,
          uniq_jorgrun
D:13:     layout_stronghold, david_vaults_4
D:14:     layout_rooms, serial_demonic, serial_demonic_b, serial_demonic_d,
          serial_demonic_g, serial_demonic_d, serial_demonic_c,
          serial_demonic_b, serial_demonic_c, serial_demonic_b,
          serial_demonic_d, serial_demonic_c
D:15:     hangedman_depths_entry_try_elsewhere_first, layout_cave_pools,
          grunt_gozag_breadcrumbs, minmay_diced_spiral
Lair:1:   wad_woods_minihive, layout_misc_corridors, lemuel_fruit_fields,
          uniq_sonja
Lair:2:   layout_long_grid, hellmonk_spider_entry_life_and_decay
Lair:3:   layout_roguey, minmay_swamp_entry_worms
Lair:4:   layout_misc_corridors, serial_bayou_shore_b, grunt_megastairs_5,
          serial_bayou_shore_b, lemuel_fruit_fields, uniq_josephine, uniq_rupert
Lair:5:   hangedman_lair_tendril_chambers, layout_gridlike, slime_entry_1
Swamp:1:  layout_basic_swamp, evilmike_swamp_ruin_house_4, uniq_kirke
Swamp:2:  layout_basic_swamp, nicolae_swamp_feature_on_the_river_bank
Swamp:3:  layout_basic_swamp, evilmike_swamp_ruin_house_1, uniq_bai_suzhen
Swamp:4:  swamp_pestilence, layout_basic_swamp
Spider:1: layout_cave_pods, uniq_louise
Spider:2: layout_spider_delve, nicolae_spider_swamp_cousins, uniq_arachne,
          uniq_nikola
Spider:3: layout_chambers, nicolae_spider_circle_web,
          nicolae_spider_some_kinda_spiderbox, nicolae_spider_cling_halls
Spider:4: hellmonk_spider_rune_endless_swarm, hangedman_spider_tarantella_strand
Slime:1:  layout_caves
Slime:2:  layout_caves
Slime:3:  layout_caves
Slime:4:  layout_caves
Slime:5
Orc:1:    nicolae_orc_accident_1, layout_caves, basic_altar, mines1_david
Orc:2:    st_orc_rangers, layout_diamond_mine, uniq_azrael
Elf:1:    minmay_elf_arrival_plus, layout_gridlike, minmay_elf_necromancy,
          evilmike_ambush [evilmike_ambush_outer_doors,
          evilmike_ambush_inner_pond]
Elf:2:    nicolae_elf_blades_splatter_lattice [grunt_blade_entry_basic],
          layout_geoelf_grid
Elf:3:    elf_hall, layout_geoelf_castle
Vaults:1: door_vault, vaults_room_boxed, vaults_mumra_chevron,
          nicolae_vaults_little_squares_6, nicolae_vaults_angled_halls,
          vaults_room_pools, v_misc_19, nicolae_vaults_yaktaur_gun_rack,
          vaults_room_pool, nicolae_vaults_alarming, layout_vaults_chaotic_city,
          serial_shops, nicolae_shop_hallway_plus, uniq_asterion, uniq_zenata
Vaults:2: vaults_room_ringed_pool, minmay_crypt_entry_necro_gods,
          v_alt_pattern_6, vaults_dpeg_encased_lava, ontoclasm_vaults_twist,
          v_misc_5, nicolae_vaults_circle_grid_a, v_pattern_2,
          nicolae_vaults_murderbox, vaults_dpeg_emergency_exit,
          layout_vaults_omnigrid, serial_shops, shop_statue, shop_statue,
          nicolae_square_shop
Vaults:3: v_misc_13, grunt_vaults_diagonal, v_misc_1, nicolae_vaults_meeting,
          vaults_mumra_hexcomb, ontoclasm_vaults_ligature, v_pattern_3,
          ontoclasm_vaults_eye, nicolae_vaults_little_squares_3,
          ontoclasm_vaults_gateway, layout_vaults_ring
Vaults:4: vaults_standard_mumra_enter_the_diamond, vaults_room_pools,
          vaults_mumra_lcd, st_cross, nicolae_vaults_ring_of_whatevers,
          nicolae_vaults_diagonal_hallway_8, v_alt_pattern_4,
          dpeg_vaults_monster_box, hangedman_vaults_slice,
          ontoclasm_vaults_fault, v_rooms_5, v_misc_13, hangedman_vaults_nails,
          nicolae_vaults_border_crossing, v_misc_25, v_misc_14,
          ontoclasm_vaults_idyll, layout_vaults_maze_bifur
Vaults:5

Skill      XL: |  1  2  3  4  5  6  7  8  9 10 11 12 13 14 15 16 17 18 19 20 21 22 23 |
---------------+----------------------------------------------------------------------+-----
Short Blades   | 5 6 7 9 10 12 14 15 16 | 16.9
Stealth        | 3 4 5 8 10 15 18 22 23 24 25 26 | 26.2
Dodging        | 4 5 7 8 11 13 15 18 20 22 24 25 27 | 27.0
Evocations     | 4 13 16 | 16.0
Fighting       | 6 8 10 14 17 | 17.0
Armour         | 1 2 4 |  4.0
Shields        | 2 5 7 9 13 16 | 16.0

Action                     |  1- 3 |  4- 6 |  7- 9 | 10-12 | 13-15 | 16-18 | 19-21 | 22-24 || total
---------------------------+-------+-------+-------+-------+-------+-------+-------+-------++-------
  Melee: Short sword       |   112 |   180 |   343 |   450 |   936 |  1120 |   364 |       ||  3505
         Punch             |       |     3 |     5 |     9 |       |       |       |       ||    17
         Rapier            |       |       |    65 |   172 |   866 |   917 |  1837 |  1999 ||  5856
         Dagger            |       |       |       |   518 |       |       |       |       ||   518
         Unarmed           |       |       |       |       |       |     3 |       |       ||     3
 Invoke: Call Merchant     |       |       |       |     1 |     1 |     4 |       |       ||     6
  Evoke: Wand              |       |     2 |     8 |     8 |       |     3 |    14 |       ||    35
         Condenser vane    |       |       |       |       |       |       |     4 |     2 ||     6
         Phantom mirror    |       |       |       |       |       |       |     2 |     1 ||     3
         Box of beasts     |       |       |       |       |       |       |     1 |     1 ||     2
    Use: Scroll            |       |    13 |     5 |     9 |     9 |     7 |    15 |     4 ||    62
         Potion            |       |     3 |     2 |     8 |       |     2 |     5 |     2 ||    22
   Stab: Sleeping          |     9 |    15 |    17 |    40 |    56 |   112 |    61 |    31 ||   341
         Paralysed         |       |     1 |     4 |     1 |       |       |       |       ||     6
         Distracted        |       |       |     2 |     3 |    15 |    27 |    46 |    23 ||   116
         Invisible         |       |       |       |       |    89 |   149 |    47 |    79 ||   364
 Armour: Robe              |    15 |    21 |    28 |       |       |       |       |       ||    64
         Swamp dragon scal |       |       |    19 |   138 |   126 |   213 |   131 |    68 ||   695
  Dodge: Dodged            |    90 |   123 |   217 |   751 |  1059 |  2109 |  1628 |  1168 ||  7145
  Block: Buckler           |       |       |       |   217 |   576 |   964 |  1008 |       ||  2765
         Reflection        |       |       |       |       |       |       |    21 |       ||    21
         Kite shield       |       |       |       |       |       |       |   110 |  1462 ||  1572

Table legend: (Time is in decaauts)
 A = Elapsed time spent in this place.
 B = Non-inter-level travel time spent in this place.
 C = Inter-level travel time spent in this place.
 D = Time resting spent in this place.
 E = Time spent auto-exploring this place.
 F = Levels seen in this place.
 G = Mean time per level.
                   A        B        C        D        E       F      G
               +--------+--------+--------+--------+--------+-----+--------+
         Total |  50548 |  46009 |   4539 |   5173 |  26350 |  44 | 1148.8 |
       Dungeon |  17664 |  15219 |   2445 |   1630 |   9892 |  15 | 1177.6 |
          Lair |   7567 |   6734 |    833 |    411 |   3910 |   5 | 1513.4 |
         Swamp |   3733 |   3551 |    182 |    339 |   1879 |   4 |  933.2 |
   Spider Nest |   5240 |   4998 |    242 |    224 |   3331 |   4 | 1310.0 |
    Slime Pits |   1426 |   1403 |     23 |    895 |      0 |   5 |  285.2 |
  Orcish Mines |   2114 |   1820 |    294 |    114 |   1119 |   2 | 1057.0 |
   Elven Halls |   4926 |   4537 |    389 |    825 |   2264 |   3 | 1642.0 |
        Vaults |   7307 |   7179 |    128 |    398 |   3938 |   5 | 1461.4 |
        Bailey |    568 |    568 |      0 |    336 |     15 |   1 |  568.0 |
               +--------+--------+--------+--------+--------+-----+--------+

Top non-repeatable levels by time:
   Elf:3: 2549 daAuts
Vaults:1: 2394 daAuts
  Lair:5: 2071 daAuts
  Lair:1: 1975 daAuts
    D:12: 1739 daAuts
     D:9: 1661 daAuts
Vaults:4: 1591 daAuts
Spider:4: 1512 daAuts
Vaults:3: 1507 daAuts
     D:7: 1496 daAuts
     D:3: 1477 daAuts
Spider:3: 1459 daAuts
Vaults:2: 1400 daAuts
 Swamp:4: 1395 daAuts
    D:11: 1383 daAuts
